 Dungeon Crawl Stone Soup version 0.24.0-29-g8ce449bc06 (webtiles) character file.

Game seed: 4174782754481816336, levelgen mode: deterministic

52976 Flugslaktarn the Severer (level 14, -1/127 HPs)
             Began as a Minotaur Fighter on Nov 13, 2019.
             Was a High Priest of Uskayaw.
             Slain by Donald
             ... wielding a +2 demon trident of draining
              (6 damage)
             ... on level 2 of the Orcish Mines.
             The game lasted 00:12:09 (19217 turns).

Flugslaktarn the Severer (Minotaur Fighter)        Turns: 19217, Time: 00:12:10

Health: -1/127     AC: 19    Str: 27    XL:     14   Next: 29%
Magic:  20/20      EV:  6    Int:  5    God:    Uskayaw [*****.]
Gold:   1277       SH: 14    Dex: 14    Spells: 13/13 levels left

rFire    + . .     SeeInvis .   y - +2 hand axe (vamp)
rCold    . . .     Gourm    .   v - +2 shield
rNeg     . . .     Faith    .   M - +0 plate armour
rPois    .         Spirit   .   (helmet unavailable)
rElec    .         Reflect  .   x - +0 cloak
rCorr    .         Harm     .   (no gloves)
MR       +....                  C - +2 pair of boots
Stlth    ..........             c - amulet of magic regeneration
HPRegen  0.31/turn              g - +3 ring of strength
MPRegen  0.42/turn              f - ring of protection from fire

@: heavily drained
A: retaliatory headbutt, horns 3, agile 1, blink
a: Blink, Stomp, Line Pass, Grand Finale, Renounce Religion


You were on level 2 of the Orcish Mines.
You worshipped Uskayaw.
Uskayaw was aware of your devotion.
You were not hungry.

You visited 3 branches of the dungeon, and saw 20 of its levels.
You visited 1 bazaar.
You also visited: Sewer.

You collected 1681 gold pieces.
You spent 404 gold pieces at shops.

Inventory:

Hand Weapons
 a - a +0 war axe
 y - a +2 vampiric hand axe (weapon)
   (You bought it in a shop on level 7 of the Dungeon)
 H - a +0 broad axe
   (You found it on level 1 of the Lair of Beasts)
Armour
 v - a +2 shield (worn)
   (You found it on level 3 of the Dungeon)
 x - a +0 cloak (worn)
   (You found it on level 1 of the Dungeon)
 C - a +2 pair of boots (worn)
   (You found it on level 7 of the Dungeon)
 M - a +0 plate armour (worn)
   (You found it on level 4 of the Lair of Beasts)
Jewellery
 c - an amulet of magic regeneration (around neck)
   (You found it on level 1 of the Lair of Beasts)
 f - a ring of protection from fire (right hand)
   (You found it on level 6 of the Dungeon)
 g - a +3 ring of strength (left hand)
   (You found it on level 8 of the Dungeon)
 i - an uncursed ring of see invisible
   (You found it on level 3 of the Lair of Beasts)
 n - an uncursed ring of positive energy
   (You found it on level 4 of the Lair of Beasts)
Wands
 N - a wand of iceblast (3)
   (You found it on level 5 of the Lair of Beasts)
Scrolls
 b - 2 scrolls of immolation
 j - 5 scrolls of fog
 l - 3 scrolls of enchant weapon
 m - 4 scrolls of fear
 o - a scroll of enchant armour
 p - 4 scrolls of magic mapping
 r - 5 scrolls of identify
 t - 9 scrolls of teleportation
 w - 5 scrolls of remove curse
 z - a scroll of blinking
 F - a scroll of vulnerability
 G - a scroll of silence
Potions
 d - 5 potions of might
 h - 4 potions of haste
 k - 2 potions of cancellation
 q - 4 potions of curing
 s - 2 potions of agility
 u - 3 potions of flight
 A - a potion of ambrosia
 B - a potion of berserk rage
 D - 8 potions of lignification
 E - 2 potions of mutation
 I - 2 potions of brilliance
 K - 2 potions of magic
 L - 5 potions of heal wounds
Comestibles
 e - 34 rations
 J - 18 chunks of flesh


   Skills:
 + Level 12.5(9.9) Fighting
 * Level 16.4(13.5) Axes
 + Level 12.4(9.8) Armour
 + Level 12.4(9.8) Shields
 + Level 10.1(7.6) Invocations
 - Level 5.0(2.8) Evocations


You had 13 spell levels left.
You didn't know any spells.
Your spell library was empty.

Dungeon Overview and Level Annotations

Branches:
Dungeon (12/15)            Temple (0/1) D:5            Lair (6/6) D:11
  Swamp (0/4) Lair:3        Snake (0/4) Lair:4        Slime (0/5) Lair:6
    Orc (2/2) D:10          Sewer (visited)
    Elf: Orc:2

Altars:
Hepliaklqana
Okawaru
Trog
Uskayaw
Vehumet
Xom
Zin
Beogh
Jiyva

Shops:
D:7 (   D:8 *   D:12 =

Annotations:
D:7 1 runed translucent door, grouchysmurf's ghost, novice MfAK
D:10 Joseph
Lair:6 3 runed translucent doors, eccles's ghost, journeyman DsBe
Orc:2 Donald; Urug


Innate Abilities, Weirdness & Mutations

You reflexively headbutt those who attack you in melee.
You have a pair of large horns on your head.
You are agile. (Dex +2)
You can translocate small distances at will.


Message History

* * * LOW HITPOINT WARNING * * *
You hear some strange, mumbled words.
A puff of flame appears from out of thin air!
You block the puff of flame.
Urug hits you with a +1 war axe of flaming!
* * * LOW HITPOINT WARNING * * *
Urug burns you.
* * * LOW HITPOINT WARNING * * *
The orc priest calls upon Beogh to heal Urug.
Urug's wounds heal themselves!
An orc comes into view. It is wielding a +0 dagger.
You hear a shout!
The orc shouts!
You hear a shout!
You hit the orc warrior.
The orc warrior is severely wounded.
You miss something. You hit Urug but do no damage.
Donald says, "Why is it so dark?
Have they never heard of torches?"
Donald hits you from afar with a +2 demon trident of draining!
* * * LOW HITPOINT WARNING * * *
You feel drained.
You die...

##.....#.......... #.
#.............#.. #.
#.............# #.
##.#.........## ##.#
#..........### '###...
##.##......#
......(#####.##.......
....(..o##.##..o.######
......o@o@o).....#
...##.)))o{....o.#
#..#####.....'.. #..
#....o### ##. #.....#
.. '.....# .. #.....#
... ......#


You could see Donald, Urug, 2 orc warriors, 2 orc priests, an orc wizard and 2
orcs.

Vanquished Creatures
  Nessos (Lair:6)
  Snorg (Lair:5)
  Fannar (D:12)
  Harold (D:10)
  4 hydras
  3 catoblepae (Lair:6)
  An ogre mage (Orc:1)
  17 death yaks
  Nergalle (D:11)
  Sonja (Lair:5)
  A fire crab (Lair:6)
  An unseen horror (D:10)
  An orc knight (Orc:1)
  A lindwurm (Lair:5)
  2 manticores (Lair:6)
  2 cyclopes
  Maurice (D:8)
  An elephant (Lair:5)
  A black mamba (Lair:1)
  6 rime drakes
  11 spiny frogs
  3 komodo dragons
  A troll (D:11)
  A queen bee (Lair:5)
  3 polar bears
  3 meliai (Lair:5)
  Prince Ribbit (D:7)
  A slime creature (Lair:1)
  2 bog bodies (Lair:3)
  10 blink frogs
  7 hippogriffs
  2 vampires (D:10)
  5 wyverns
  25 yaks
  Grum (D:8)
  2 hungry ghosts (D:10)
  2 steam dragons (Lair:5)
  A basilisk (Lair:5)
  12 water moccasins
  7 porcupines
  An ice beast (D:10)
  15 orc warriors
  2 black bears
  A sky beast (D:8)
  2 eyes of draining (D:6)
  13 ogres
  7 wolves
  7 centaurs
  15 crocodiles
  2 big kobolds
  12 bullfrogs
  2 wyvern skeletons
  3 scorpions
  38 killer bees
  3 electric eels
  A howler monkey (D:6)
  A centaur zombie (D:7)
  4 crimson imps
  2 bullfrog zombies
  3 centaur skeletons
  7 hounds
  6 jellies
  12 orc priests
  A bullfrog skeleton (D:8)
  11 orc wizards
  6 worker ants
  A hound zombie (D:7)
  2 hound skeletons
  A gnoll (D:1)
  A howler monkey skeleton (D:11)
  12 adders
  2 shadow imps
  11 oozes (Lair:1)
  An adder zombie (D:7)
  An adder skeleton (D:4)
  2 worms
  4 dart slugs
  2 leopard geckos
  34 orcs
  5 ball pythons
  10 bats
  2 giant cockroaches
  8 goblins
  2 hobgoblins
  9 jackals
  8 kobolds
  3 quokkas
  8 frilled lizards
  A jackal skeleton (D:5)
  A leopard gecko skeleton (D:8)
  A quokka zombie (D:7)
  6 rats
  A bush (Lair:6)
  2 fungi
466 creatures vanquished.

Vanquished Creatures (others)
  A basilisk (Lair:5)
  A bush (Lair:6)
  15 fungi
  38 plants
55 creatures vanquished.

Grand Total: 521 creatures vanquished

Notes
Turn   | Place    | Note
-------+----------+-------------------------------------------
     0 | D:1      | Flugslaktarn the Minotaur Fighter began the quest for the
                  | Orb.
     0 | D:1      | Reached XP level 1. HP: 19/19 MP: 0/0
    34 | D:1      | Reached skill level 3 in Axes
    34 | D:1      | Reached XP level 2. HP: 7/27 MP: 1/1
   586 | D:1      | Reached XP level 3. HP: 33/33 MP: 2/2
  1124 | D:2      | Found a hide-covered altar of Uskayaw.
  1145 | D:2      | Found a radiant altar of Vehumet.
  1200 | D:2      | Became a worshipper of Uskayaw the Reveler
  1231 | D:2      | Reached * piety under Uskayaw
  1390 | D:2      | Reached ** piety under Uskayaw
  1397 | D:2      | Reached *** piety under Uskayaw
  1739 | D:2      | Reached XP level 4. HP: 36/40 MP: 3/3
  2133 | D:3      | Reached skill level 4 in Axes
  2167 | D:3      | Found a faded altar of an unknown god.
  2725 | D:4      | Noticed an ogre
  2731 | D:4      | Killed an ogre
  2731 | D:4      | Reached skill level 1 in Invocations
  2731 | D:4      | Reached XP level 5. HP: 13/47 MP: 3/5
  2840 | D:4      | Found a glowing drain.
  2850 | Sewer    | Entered a sewer
  3021 | Sewer    | Noticed a crocodile
  3031 | Sewer    | Killed a crocodile
  3031 | Sewer    | Reached skill level 5 in Axes
  3031 | Sewer    | Reached XP level 6. HP: 35/53 MP: 6/6
  3248 | D:4      | Reached skill level 5 in Fighting
  3248 | D:4      | Reached skill level 5 in Armour
  3248 | D:4      | Reached skill level 5 in Shields
  3986 | D:5      | Entered Level 5 of the Dungeon
  4007 | D:5      | Found a hazy altar of Hepliaklqana.
  4047 | D:5      | Found a staircase to the Ecumenical Temple.
  4050 | D:5      | Reached XP level 7. HP: 61/61 MP: 7/7
  4373 | D:5      | Found a shimmering altar of Xom.
  4382 | D:5      | Reached skill level 6 in Axes
  4710 | D:5      | You fall into a shaft and drop 2 floors!
  4731 | D:7      | Noticed Prince Ribbit
  4744 | D:7      | Killed Prince Ribbit
  4744 | D:7      | Reached XP level 8. HP: 17/70 MP: 9/9
  5023 | D:7      | Reached skill level 7 in Axes
  5370 | D:7      | Found Ibbuynuq's Weapon Emporium.
  5374 | D:7      | Bought a +1 vampiric hand axe for 240 gold pieces
  5426 | D:7      | Noticed grouchysmurf's ghost (novice MfAK)
  5544 | D:7      | Found a runed translucent door.
  5628 | D:7      | Reached skill level 1 in Evocations
  5631 | D:7      | Reached **** piety under Uskayaw
  5639 | D:7      | Reached ***** piety under Uskayaw
  5883 | D:7      | Gained mutation: You have a pair of large horns on your
                  | head. [potion of mutation]
  5883 | D:7      | Gained mutation: You are agile. (Dex +2) [potion of
                  | mutation]
  5883 | D:7      | Gained mutation: You can translocate small distances at
                  | will. [potion of mutation]
  5998 | D:7      | Reached skill level 8 in Axes
  6159 | D:8      | Found Zin's Purification Station.
  6164 | D:8      | Noticed Grum
  6164 | D:8      | Found a glowing silver altar of Zin.
  6171 | D:8      | Reached XP level 9. HP: 42/78 MP: 11/11
  6178 | D:8      | Killed Grum
  6463 | D:8      | Reached skill level 9 in Axes
  6464 | D:8      | Noticed Maurice
  6480 | D:8      | Reached ****** piety under Uskayaw
  6488 | D:8      | Killed Maurice
  7022 | D:8      | Reached skill level 5 in Invocations
  7170 | D:9      | You fall into a shaft and drop 3 floors!
  7246 | D:12     | Noticed Fannar
  7257 | D:12     | Reached skill level 10 in Axes
  7257 | D:12     | Reached XP level 10. HP: 85/88 MP: 12/12
  7277 | D:12     | Killed Fannar
  7461 | D:12     | Found Viucu's Jewellery Shop.
  7518 | D:11     | Found a staircase to the Lair.
  7536 | D:11     | Found a flickering gateway to a bazaar.
  7554 | Bazaar   | Entered a bazaar
  7571 | Bazaar   | Found Yxoj's Food Emporium.
  7571 | Bazaar   | Found Jixuhis's Distillery.
  7592 | Bazaar   | Found Rituli's Magic Scroll Emporium.
  7592 | Bazaar   | Found Zaocsin's Assorted Antiques.
  7613 | Bazaar   | Found Lilumil's Assorted Antiques.
  7628 | Bazaar   | Found Decs's General Store.
  7628 | Bazaar   | Found Vaotilom's Magic Scroll Shoppe.
  7694 | Bazaar   | Bought a scroll of enchant armour for 82 gold pieces
  7694 | Bazaar   | Bought a scroll of enchant armour for 82 gold pieces
  7759 | D:11     | Noticed Nergalle
  7762 | D:11     | Noticed a cyclops
  7771 | D:11     | Killed Nergalle
  7773 | D:11     | Reached skill level 11 in Axes
  7785 | D:11     | Killed a cyclops
  7803 | D:10     | Entered Level 10 of the Dungeon
  7803 | D:10     | Found a staircase to the Orcish Mines.
  7822 | D:10     | Reached XP level 11. HP: 63/95 MP: 14/14
  8104 | D:10     | Noticed Harold
  8125 | D:10     | Killed Harold
  8181 | D:10     | Noticed Joseph
  8403 | D:10     | Got a steaming lead amulet
  8459 | D:10     | Killed an unseen horror
  8459 | D:10     | Reached skill level 5 in Evocations
  8466 | D:10     | Identified the amulet "Teates" {RegenMP Dex+2} (You found
                  | it on level 10 of the Dungeon)
  9078 | D:6      | Found an iron altar of Okawaru.
  9487 | D:6      | Found a bloodstained altar of Trog.
  9493 | D:6      | Reached skill level 12 in Axes
 10086 | Lair:1   | Entered Level 1 of the Lair of Beasts
 11367 | Lair:2   | Reached skill level 10 in Shields
 11448 | Lair:2   | Reached skill level 10 in Fighting
 11542 | Lair:2   | Reached skill level 13 in Axes
 11542 | Lair:2   | Reached XP level 12. HP: 106/106 MP: 16/16
 11544 | Lair:2   | Reached skill level 10 in Armour
 12009 | Lair:3   | Noticed a four-headed hydra
 12011 | Lair:3   | Found a staircase to the Swamp.
 12022 | Lair:3   | Killed a 13-headed hydra
 13316 | Lair:4   | Noticed a seven-headed hydra
 13318 | Lair:4   | Killed a seven-headed hydra
 14010 | Lair:4   | Found a staircase to the Snake Pit.
 14120 | Lair:4   | Reached skill level 14 in Axes
 14533 | Lair:5   | Noticed Snorg
 14548 | Lair:5   | Killed Snorg
 14677 | Lair:5   | Noticed a five-headed hydra
 14922 | Lair:5   | Noticed Sonja
 14945 | Lair:5   | Killed Sonja
 15340 | Lair:5   | Reached XP level 13. HP: 103/116 MP: 18/18
 16366 | Lair:5   | You fall into a shaft and drop 1 floor!
 16366 | Lair:6   | Entered Level 6 of the Lair of Beasts
 16366 | Lair:6   | Noticed Nessos
 16379 | Lair:6   | Reached skill level 15 in Axes
 16379 | Lair:6   | Killed Nessos
 16602 | Lair:6   | Found a runed translucent gate.
 16602 | Lair:6   | Found a runed translucent gate.
 16602 | Lair:6   | Found a runed translucent gate.
 16670 | Lair:6   | Noticed a death ooze
 16675 | Lair:6   | Noticed eccles's ghost (journeyman DsBe)
 16675 | Lair:6   | Noticed a death ooze
 18010 | Lair:6   | Reached XP level 14. HP: 87/126 MP: 20/20
 18014 | Lair:6   | Reached skill level 16 in Axes
 18252 | Lair:6   | Reached skill level 10 in Invocations
 18515 | Lair:6   | Found a viscous altar of Jiyva.
 18517 | Lair:6   | Found a staircase to the Slime Pits.
 18694 | Orc:1    | Entered Level 1 of the Orcish Mines
 18923 | Orc:2    | Entered Level 2 of the Orcish Mines
 19024 | Orc:2    | Found a roughly hewn altar of Beogh.
 19193 | Orc:2    | Noticed Urug
 19199 | Orc:2    | Noticed Donald
 19217 | Orc:2    | HP: 5/127 [Donald/+2 demon trident of draining (15)]
 19217 | Orc:2    | Slain by Donald

Levels and vault maps discovered:
D:1:      ncdulo_lavacross, layout_basic
D:2:      minmay_door_path, layout_basic, eat_drink_and_be_merry_uskayaw,
          lemuel_altar_in_water
D:3:      layout_rooms, chequers_ecumenical_altar_island, first_ration
D:4:      layout_cave_pools, serial_column_ruins, column_ruins_grid_1,
          column_ruins_open_medium, column_ruins_open_medium,
          column_ruins_open_tiny, portal_sewer_entry_b, saegor_snake_ambush
D:5:      layout_loops_ring, kennysheep_little_box, overflow_temple_1_default,
          minmay_temple_entry_proselytizer, hangedman_decor_opposing,
          kennysheep_generic_room_11
D:6:      layout_loops_ring, kennysheep_mini_moat, trog_eyes_of_draining
D:7:      minmay_spotlight, layout_basic, hellmonk_ghost_happy_afterlife,
          serial_shops, nicolae_shop_stone, bh_walls_and_bars,
          uniq_prince_ribbit1
D:8:      layout_loops_ring, zin_purify, grunt_ogre_cave, uniq_grum,
          uniq_maurice
D:9:      layout_roguey
D:10:     layout_roguey, orc_david_3, uniq_joseph, uniq_harold
D:11:     cheibrodos_breeding_chamber, layout_basic, lair_entry_dummy,
          serial_shops, bzr_entry_islet, minmay_fractal_squares_gapless_7,
          uniq_nergalle
D:12:     layout_cave_pods, serial_shops, shop, basic_altar, uniq_fannar
Lair:1:   lemuel_slime, layout_misc_corridors, grunt_megastairs_3
Lair:2:   layout_loops_ring
Lair:3:   layout_loops_ring, skrybe_swamp_entry_bodies, serial_bayou_shore_a
Lair:4:   layout_gridlike, dummy_snake_entry
Lair:5:   regret_index_wax_grids, layout_cave_pods, serial_rivers,
          chequers_serial_rivers_room_a, chequers_serial_rivers_marsh,
          chequers_serial_rivers_micro_a, chequers_serial_rivers_small_a,
          chequers_serial_rivers_micro_d, serial_bayou_lagoon_a,
          lemuel_fruit_tree, uniq_sonja, uniq_snorg
Lair:6:   evilmike_catoblepas_cave, layout_gridlike, slime_altar_1,
          gammafunk_ghost_ooze, uniq_nessos
Orc:1:    layout_diamond_mine, mines4_lemuel
Orc:2:    grunt_orc_community_town_hall, layout_diamond_mine,
          grunt_orc_community_big_house_2, grunt_orc_community_big_house_2,
          grunt_orc_community_house_3, grunt_orc_community_house_1,
          grunt_orc_community_house_1, grunt_orc_community_house_1,
          grunt_orc_community_house_3, basic_altar, nicolae_orc_lost_temple,
          uniq_urug, uniq_donald

Skill      XL: |  1  2  3  4  5  6  7  8  9 10 11 12 13 14 |
---------------+-------------------------------------------+-----
Axes           | 3 4 5 6 8 10 11 13 14 15 16 | 16.4
Armour         | 4 5 6 7 8 9 11 12 | 12.4
Fighting       | 4 5 6 7 8 10 11 12 | 12.5
Shields        | 4 5 6 7 8 10 11 12 | 12.4
Invocations    | 1 2 3 4 5 6 7 8 9 10 | 10.1
Evocations     | 2 3 4 5 |  5.0

Action                   |  1- 3 |  4- 6 |  7- 9 | 10-12 | 13-15 || total
-------------------------+-------+-------+-------+-------+-------++-------
Melee: War axe           |    88 |   112 |    63 |       |       ||   263
       Headbutt          |    13 |    13 |    64 |   229 |   164 ||   483
       Hand axe          |       |       |   195 |   845 |   502 ||  1542
Invok: Line Pass         |       |       |       |     1 |       ||     1
       Stomp             |       |       |       |       |     3 ||     3
       Grand Finale      |       |       |       |       |     1 ||     1
Evoke: Wand              |       |     1 |     1 |     2 |     3 ||     7
  Use: Scroll            |       |       |    18 |     6 |     7 ||    31
       Potion            |       |       |     1 |     2 |       ||     3
 Stab: Paralysed         |     1 |       |    24 |    78 |    76 ||   179
       Petrified         |       |       |       |       |     3 ||     3
       Petrifying        |       |       |       |       |     1 ||     1
  Eat: Chunk             |     2 |     8 |    11 |    21 |    13 ||    55
       Ration            |       |       |       |     3 |       ||     3
Armor: Scale mail        |    50 |    45 |    33 |       |       ||   128
       Chain mail        |       |       |    57 |   209 |       ||   266
       Skin              |       |       |       |     1 |       ||     1
       Plate armour      |       |       |       |   103 |   151 ||   254
Dodge: Dodged            |    33 |    24 |    46 |   154 |    78 ||   335
Block: Shield            |    56 |    71 |   184 |   497 |   244 ||  1052
